 Dungeon Crawl Stone Soup version 0.19.5 (webtiles) character file.

1503 BugsBunnySan the Gouger (level 8, 30/30 HPs)
             Began as a Felid Berserker on Mar 29, 2017.
             Was a High Priest of Trog.
             Quit the game on level 7 of the Dungeon on Mar 30, 2017.
             The game lasted 00:20:20 (8499 turns).

BugsBunnySan the Gouger (Felid Berserker)           Turns: 8499, Time: 00:20:21

Health: 30/30      AC:  2    Str: 13    XL:     8   Next: 52%
Magic:  9/9        EV: 26    Int:  4    God:    Trog [*****.]
Gold:   503        SH:  0    Dex: 19    Spells: 0 memorised, 7 levels left
                                        Lives:  1   Deaths: 1

rFire  . . .     SeeInvis +       - Unarmed
rCold  + . .     Gourm    .     (armour unavailable)
rNeg   . . .     Faith    .     (shield unavailable)
rPois  .         Spirit   .     (helmet unavailable)
rElec  .         Reflect  .     (cloak unavailable)
rCorr  .         Harm     .     (gloves unavailable)
MR     +....                    (boots unavailable)
Stlth  ++++......               (no amulet)
                                (no ring)
                                (no ring)

@: quick
A: no armour, no weapons or thrown items, stealth, claws 1, fangs 3, see
invisible, carnivore 3, cold resistance 1, dopey 2, speed 1, frail 1, screaming
1, shaggy fur 2, slow metabolism 1, sharp paws
a: Berserk, Trog's Hand, Brothers in Arms, Burn Spellbooks, Renounce Religion


You were on level 7 of the Dungeon.
You worshipped Trog.
Trog was extremely pleased with you.
You were not hungry.

You visited 1 branch of the dungeon, and saw 7 of its levels.
You also visited: Sewer and Ossuary.

You collected 503 gold pieces.

Inventory:

Jewellery
 m - an uncursed ring of magical power {unknown}
 r - an uncursed ring of ice {unknown}
 u - a +2 ring of strength {unknown}
 D - a +3 ring of slaying {unknown}
 E - a +4 ring of dexterity {unknown}
Wands
 k - a wand of flame (34/48)
 s - a wand of iceblast (14/15)
 v - a wand of slowing (36/48)
Scrolls
 c - 4 scrolls of remove curse {unknown}
 f - 5 scrolls of enchant armour {unknown}
 g - 4 scrolls of teleportation {unknown}
 h - 9 scrolls of identify {unknown}
 j - 3 scrolls of amnesia {unknown}
 o - 3 scrolls of fog {unknown}
 p - a scroll of noise {unknown}
 q - 2 scrolls of random uselessness {unknown}
 y - a scroll of fear {unknown}
 C - 2 scrolls of blinking {unknown}
 F - a scroll of magic mapping {unknown}
 G - a scroll of recharging {unknown}
Potions
 b - 2 potions of agility {unknown}
 d - 4 potions of mutation {unknown}
 e - 4 potions of curing {unknown}
 i - 2 potions of cancellation {unknown}
 l - 2 potions of heal wounds {unknown}
 n - 4 potions of lignification {unknown}
 w - a potion of flight {unknown}
 x - a potion of cure mutation {unknown}
 z - 2 potions of degeneration {unknown}
 A - 4 potions of might {unknown}
 H - a potion of haste {unknown}
Books
 t - a book of Cantrips

   Spells                             Type                      Level
   a - Confusing Touch                Hexes                        1
   b - Animate Skeleton               Necromancy                   1
   c - Summon Small Mammal            Summoning                    1
   d - Apportation                    Translocation                1
   Trog disapproves of the use of such an item.
 I - a book of Power

   Spells                             Type                      Level
   a - Fulminant Prism                Conjuration/Hexes            4
   b - Iskenderun's Mystic Blast      Conjuration                  4
   c - Venom Bolt                     Conjuration/Poison           5
   d - Bolt of Magma                  Conjuration/Fire/Earth       5
   e - Iron Shot                      Conjuration/Earth            6
   f - Orb of Destruction             Conjuration                  7
   g - Spellforged Servitor           Conjuration/Summoning        7
   Trog disapproves of the use of such an item.
Comestibles
 a - 7 meat rations


   Skills:
 - Level 3.0 Fighting
 * Level 9.7 Dodging
 + Level 8.1 Stealth
 + Level 10.3 Unarmed Combat


You had 7 spell levels left.
You didn't know any spells.

Dungeon Overview and Level Annotations

Branches:
Dungeon (7/15)
 Temple: D:4-7

Altars:
Ashenzari
Cheibriados
Dithmenos
Gozag
Nemelex Xobeh
Okawaru
Sif Muna
Yredelemnul
Zin

Shops:
D:4 %


Innate Abilities, Weirdness & Mutations

You cannot wear armour.
You are incapable of wielding weapons or throwing items.
Your paws allow you to move quietly. (Stealth)
You have sharp claws.
You have razor-sharp teeth.
You have supernaturally acute eyesight. (SInv)
You are carnivorous and can eat meat at any time.
You cover ground quickly.
You are covered in thick fur. (AC +2)
You have a slow metabolism.
Your sharp claws are effective at attacking unaware monsters.
Your flesh is cold resistant. (rC+)
You are very dopey. (Int -4)
You are frail. (-10% HP)
You occasionally shout uncontrollably at your foes.


Message History

You feel yourself slow down.
An orc comes into view. It is wielding a mace.
Okay, then.
The orc shouts!
You claw the hippogriff! Your claw misses the hippogriff.
The hippogriff is severely wounded.
The hippogriff bites you! The hippogriff pecks you.
The hippogriff completely misses you.
You claw the hippogriff!
The hippogriff is almost dead.
The hippogriff barely misses you. The hippogriff pecks you.
* * * LOW HITPOINT WARNING * * *
The hippogriff claws you.
* * * LOW HITPOINT WARNING * * *
The hippogriff closely misses you. x2; The hippogriff claws you!
You die...
You are now level 8!
You rejoin the land of the living...
Found 19 stones.
Are you sure you want to abandon this character and quit the game? (Confirm with "yes".)

##.####
#...####.#
#≈≈§. #.
#........#
#≈≈.. #
#...######
##§.§
####+#######
##..
...........
##.
#...(......
#+
#..........
#..........
#..@.......
#..........
#..........
#..........
#..........
###########


There were no monsters in sight!

Vanquished Creatures
  Sigmund (D:6)
  A hungry ghost (D:7)
  A hog (D:7)
  An orc warrior (D:6)
  2 sky beasts
  5 big kobolds (Sewer)
  An elf zombie (Ossuary)
  Blork the orc (D:4)
  3 bullfrogs
  3 scorpions
  A howler monkey (D:5)
  An electric eel (D:6)
  2 crimson imps (D:6)
  2 bullfrog zombies (D:5)
  6 hounds
  A jelly (D:7)
  Crazy Yiuf (D:3)
  A human zombie (Ossuary)
  2 orc priests (D:7)
  4 orc wizards
  Ijyb (D:2)
  A bullfrog skeleton (D:5)
  2 iguanas
  6 worker ants
  A big kobold zombie (Ossuary)
  A hound zombie (Ossuary)
  3 hound skeletons (D:4)
  4 mummies (Ossuary)
  13 adders
  9 gnolls
  A river rat (Sewer)
  5 shadow imps
  5 oozes (Sewer)
  An adder skeleton (D:6)
  7 worms
  3 dart slugs
  2 leopard geckos
  17 orcs
  6 giant cockroaches
  3 gnoll zombies
  6 goblins
  7 hobgoblins
  16 jackals
  2 quokkas (D:2)
  8 ball pythons
  7 bats
  4 frilled lizards
  2 hobgoblin zombies (Ossuary)
  2 jackal zombies (Ossuary)
  11 kobolds
  2 kobold zombies (Ossuary)
  A leopard gecko zombie (D:7)
  2 quokka zombies (D:5)
  8 rats
  A rat zombie (Ossuary)
210 creatures vanquished.

Notes
Turn   | Place    | Note
-------+----------+-------------------------------------------
     0 | D:1      | BugsBunnySan the Felid Berserker began the quest for the Orb.
     0 | D:1      | Reached XP level 1. HP: 10/10 MP: 2/2
   205 | D:1      | Reached XP level 2. HP: 12/14 MP: 3/3
  1146 | D:2      | Reached XP level 3. HP: 17/17 MP: 4/4
  1155 | D:2      | Reached skill level 1 in Stealth
  1319 | D:2      | Reached skill level 5 in Dodging
  1744 | D:2      | Reached XP level 4. HP: 21/21 MP: 5/5
  1914 | D:2      | Noticed Ijyb
  1919 | D:2      | Found a basalt altar of Yredelemnul.
  1924 | D:2      | Killed Ijyb
  1924 | D:2      | Reached skill level 4 in Unarmed Combat
  2150 | D:3      | Found a glowing silver altar of Zin.
  2321 | D:3      | Found a runed door.
  2338 | D:3      | Found a deep blue altar of Sif Muna.
  2377 | D:3      | Reached ** piety under Trog
  2541 | D:3      | Reached XP level 5. HP: 24/24 MP: 6/6
  2883 | D:3      | Found an opulent altar of Gozag.
  2883 | D:3      | Found a shadowy altar of Dithmenos.
  3049 | D:3      | Noticed Crazy Yiuf
  3053 | D:3      | Killed Crazy Yiuf
  3102 | D:4      | Found a shattered altar of Ashenzari.
  3111 | D:4      | Reached skill level 5 in Unarmed Combat
  3111 | D:4      | Gained mutation: You are covered in thick fur. (AC +2) [Felid growth]
  3111 | D:4      | Reached XP level 6. HP: 28/28 MP: 7/7
  3118 | D:4      | Found Kunn's Food Emporium.
  3126 | D:4      | Noticed Blork the orc
  3137 | D:4      | Killed Blork the orc
  3549 | D:4      | Found a snail-covered altar of Cheibriados.
  3680 | D:4      | Reached XP level 7. HP: 15/31 MP: 8/8
  3979 | D:4      | Reached skill level 6 in Unarmed Combat
  4229 | D:5      | Entered Level 5 of the Dungeon
  4253 | D:5      | Reached *** piety under Trog
  4253 | D:5      | Reached skill level 5 in Stealth
  4311 | D:5      | Found a sand-covered staircase.
  4347 | Ossuary  | Entered an ossuary
  4630 | Ossuary  | Reached skill level 7 in Unarmed Combat
  4845 | D:5      | Reached XP level 8. HP: 34/34 MP: 9/9
  4847 | D:5      | Reached **** piety under Trog
  4902 | D:5      | Found a sparkling altar of Nemelex Xobeh.
  5723 | D:6      | Found a glowing drain.
  5727 | Sewer    | Entered a sewer
  5977 | Sewer    | Reached skill level 8 in Unarmed Combat
  6861 | D:6      | Reached skill level 9 in Unarmed Combat
  6988 | D:6      | Reached ***** piety under Trog
  7160 | D:5      | Found an iron altar of Okawaru.
  7279 | D:6      | Noticed Sigmund
  7286 | D:6      | Killed Sigmund
  7286 | D:6      | Reached XP level 9. HP: 37/37 MP: 10/10
  8152 | D:7      | Found an opulent altar of Gozag.
  8243 | D:7      | Reached skill level 10 in Unarmed Combat
  8339 | D:7      | Gained mutation: You are frail. (-10% HP) [mutagenic meat]
  8340 | D:7      | Gained mutation: You are dopey. (Int -2) [mutagenic meat]
  8341 | D:7      | Gained mutation: You are very dopey. (Int -4) [mutagenic meat]
  8342 | D:7      | Gained mutation: You occasionally shout uncontrollably at your foes. [mutagenic meat]
  8344 | D:7      | Gained mutation: Your flesh is cold resistant. (rC+) [mutagenic meat]
  8498 | D:7      | Slain by a hippogriff
  8499 | D:7      | Reached XP level 8. HP: -3/30 MP: 9/9
  8499 | D:7      | Quit the game

Skill      XL: |  1  2  3  4  5  6  7  8  9 |
---------------+----------------------------+-----
Stealth        | 1 2 3 4 5 7 8 |  8.1
Dodging        | 5 6 7 8 9 |  9.7
Unarmed Combat | 4 5 7 9 10 | 10.3
Fighting       | |  3.0

Action                   |  1- 3 |  4- 6 |  7- 9 || total
-------------------------+-------+-------+-------++-------
Melee: Unarmed           |    99 |   153 |   373 ||   625
       Bite              |     6 |    11 |    49 ||    66
       Punch             |       |     3 |    16 ||    19
Invok: Berserk           |     2 |     3 |    12 ||    17
       Trog's Hand       |       |     1 |     3 ||     4
 Stab: Sleeping          |     5 |     9 |    18 ||    32
       Distracted        |       |       |     1 ||     1
  Eat: Chunk             |    11 |     6 |    29 ||    46
Armor: Skin              |     9 |     5 |    17 ||    31
Dodge: Dodged            |    89 |   129 |   348 ||   566
